 Dungeon Crawl Stone Soup version 0.26.1-2-gb8aa6d0cf2 (webtiles) character file.

Game seed: 9814779166388117033

821 sankara the Caller (level 7, -1/52 HPs)
             Began as a Merfolk Summoner on Mar 21, 2021.
             Was a Believer of Sif Muna.
             Killed by an exploding a guardian golem (14 damage)
             ... exploding inner flame
             ... in an ossuary.
             The game lasted 00:20:47 (4599 turns).

sankara the Caller (Merfolk Summoner)               Turns: 4599, Time: 00:20:47

Health: -1/52      AC:  4    Str:  8    XL:     7   Next: 95%
Magic:  2/11       EV: 14    Int: 19    God:    Sif Muna [**....]
Gold:   229        SH:  0    Dex: 15    Spells: 3/12 levels left

rFire    . . .     SeeInvis .   l - +0 short sword (venom)
rCold    . . .     Faith    .   (no shield)
rNeg     . . .     Spirit   .   a - +0 robe
rPois    .         Reflect  .   b - +2 hat {Int+3}
rElec    .         Harm     .   i - scarf {shadows}
rCorr    .         Rampage  .   (no gloves)
Will     .....                  (no boots)
Stlth    +++.......             e - amulet of regeneration
HPRegen  0.57/turn              c - ring of flight
MPRegen  0.12/turn              (no ring)

@: no status effects
A: change form in water, swift swim, stealthy swim
a: Renounce Religion, Evoke Flight, Channel Magic


You were in an ossuary.
You worshipped Sif Muna.
Sif Muna was pleased with you.
You visited 1 branch of the dungeon, and saw 5 of its levels.
You also visited: Ossuary.

You collected 229 gold pieces.

Inventory:

Hand Weapons
 d - a +0 dagger of holy wrath
 l - a +0 short sword of venom (weapon)
Armour
 a - a +0 robe (worn)
 b - a +2 hat of intelligence (worn)
 i - a scarf of shadows (worn)
 x - a +0 cloak
Jewellery
 c - a ring of flight (left hand)
 e - an amulet of regeneration (around neck)
 h - an uncursed ring of fire
Scrolls
 g - 11 scrolls of identify {unknown}
 k - 3 scrolls of remove curse {unknown}
 m - 3 scrolls of amnesia {unknown}
 o - 2 scrolls of magic mapping {unknown}
 q - a scroll of fog {unknown}
 r - 2 scrolls of blinking {unknown}
 s - 2 scrolls of teleportation {unknown}
 w - a scroll of noise {unknown}
Potions
 f - 3 potions of curing {unknown}
 j - a potion of berserk rage {unknown}
 n - 2 potions of might {unknown}
 p - a potion of haste {unknown}
 t - a potion of heal wounds {unknown}
 u - a potion of flight {unknown}
 v - a potion of attraction {unknown}


   Skills:
 - Level 3.0 Fighting
 + Level 4.5 Dodging
 - Level 4.0 Stealth
 - Level 3.0 Spellcasting
 + Level 6.6 Summonings
 + Level 4.0 Invocations


You had 3 spell levels left.
You knew the following spells:

 Your Spells              Type           Power        Failure   Level
a - Summon Small Mammal   Summ           56%          1%          1
b - Call Imp              Summ           14%          1%          2
c - Call Canine Familiar  Summ           14%          3%          3
d - Summon Guardian Gole  Hex/Summ       7%           12%         3

Your spell library contained the following spells:

 Spells                   Type           Power        Failure   Level
 Summon Ice Beast         Ice/Summ       7%           36%         4
 Summon Lightning Spire   Summ/Air       7%           36%         4


Dungeon Overview and Level Annotations

Branches:
Dungeon (5/15)            Ossuary (1/1)
 Temple: D:4-7

Altars:
Ashenzari
Cheibriados
Ru
Sif Muna
Vehumet
Wu Jian

Shops:
D:4 !   D:5 [


Message History

The mummy hits your quokka! Flame seeps out of your guardian golem.
Your quokka bites the mummy.
What are your orders? t - Shout!
Orders for allies: a - Attack new target. r - Retreat! s - Stop attacking. g - Guard the area. f - Follow me.
Anything else - Cancel.
Gang up on whom?
Press: ? - help, Dir - move target, f - mummy
Aim: a mummy (lightly damaged) Attack!
Your crimson imp disappears in a puff of smoke!
Your guardian golem is engulfed in blazing flames.
Your guardian golem explodes!
The fiery explosion engulfs your quokka!!
Your quokka dies!
Your quokka's corpse disappears in a puff of smoke!
The fiery explosion engulfs you!
You die...

...............
.............
#........#
#§..M..#
##..r.## #....#
#.§§.# #§○§.#
#§@..# #....#
#....# #....#
#.∩∩.# ######


You could see a mummy and a friendly quokka (summoned, sheltered).

Vanquished Creatures
  2 elf skeletons (D:5)
  A scorpion (D:4)
  A howler monkey (D:4)
  A human zombie (D:5)
  2 iguanas (D:4)
  4 worker ants
  8 adders
  A white imp (D:5)
  An ooze (D:3)
  A worm (D:3)
  2 dart slugs
  5 leopard geckos
  An orc (D:3)
  9 bats
  4 giant cockroaches
  10 goblins
  7 hobgoblins
  4 jackals
  9 kobolds
  6 ball pythons
  9 frilled lizards
  A jackal skeleton (D:4)
  An orc skeleton (D:5)
  7 rats
97 creatures vanquished.

Vanquished Creatures (collateral kills)
  A sky beast (D:5)
  2 elf skeletons (D:5)
  A water moccasin zombie (D:5)
  An orc priest (D:3)
  4 mummies (Ossuary)
  2 adders (D:2)
  A worm (D:2)
  An orc (D:3)
  A gnoll zombie (Ossuary)
  A bat (D:1)
  3 hobgoblin zombies (Ossuary)
  3 kobolds (D:1)
  2 kobold zombies (D:5)
  An orc zombie (Ossuary)
  A rat (D:3)
25 creatures vanquished.

Vanquished Creatures (others)
  2 mummies (Ossuary)
  A gnoll zombie (Ossuary)
  A hobgoblin zombie (Ossuary)
  An orc zombie (Ossuary)
  7 toadstools (D:1)
12 creatures vanquished.

Grand Total: 134 creatures vanquished

Notes
Turn   | Place    | Note
-------+----------+-------------------------------------------
     0 | D:1      | sankara the Merfolk Summoner began the quest for the Orb.
     0 | D:1      | Reached XP level 1. HP: 13/13 MP: 3/3
   355 | D:1      | Reached XP level 2. HP: 17/19 MP: 5/5
   358 | D:1      | Learned a level 2 spell: Call Imp
   636 | D:1      | Reached XP level 3. HP: 18/24 MP: 6/6
   640 | D:1      | Learned a level 3 spell: Call Canine Familiar
  1114 | D:2      | Found a broken altar of Ashenzari.
  1340 | D:2      | Reached XP level 4. HP: 9/30 MP: 5/8
  1853 | D:2      | Found a shimmering blue altar of Sif Muna.
  1856 | D:2      | Became a worshipper of Sif Muna the Loreminder
  1892 | D:2      | Reached XP level 5. HP: 35/35 MP: 9/9
  2010 | D:2      | Found a radiant altar of Vehumet.
  2011 | D:2      | Found a snail-covered altar of Cheibriados.
  2053 | D:2      | Found a sacrificial altar of Ru.
  2077 | D:2      | Found an ornate altar of the Wu Jian Council.
  2228 | D:2      | Found a faded altar of an unknown god.
  2488 | D:3      | Reached skill level 5 in Summonings
  2647 | D:3      | Reached skill level 1 in Fighting
  2795 | D:3      | Reached * piety under Sif Muna
  3127 | D:4      | Reached XP level 6. HP: 40/44 MP: 10/10
  3168 | D:4      | Reached skill level 1 in Invocations
  3223 | D:4      | Found Leffium's Distillery.
  3701 | D:4      | Reached XP level 7. HP: 50/52 MP: 11/11
  4011 | D:4      | Learned a level 3 spell: Summon Guardian Golem
  4031 | D:5      | Entered Level 5 of the Dungeon
  4045 | D:5      | Noticed a human
  4063 | D:5      | Reached skill level 6 in Summonings
  4158 | D:5      | Found Esmeob's Antique Armour Shop.
  4277 | D:5      | Reached ** piety under Sif Muna
  4496 | D:5      | Found a sand-covered staircase.
  4523 | Ossuary  | Entered an ossuary
  4599 | Ossuary  | Killed by an exploding a guardian golem... exploding inner
                  | flame

Illustrated notes

Levels and vault maps discovered:
D:1:      nagdon_arrival_double_spiral, layout_basic
D:2:      layout_loops_corners, overflow_temple_1_default,
          lemuel_blue_sif_altar, nicolae_ru_the_path_less_chosen,
          gammafunk_temple_overflow_wave, nzn_wu_jian_contemplation,
          chequers_ecumenical_altar_grove, minmay_snake_closets
D:3:      layout_rooms
D:4:      layout_loops_corners, serial_shops, nicolae_shop_stone
D:5:      layout_rooms, serial_shops, nicolae_shop_statue_plus,
          nicolae_ossuary_entry_catacombs, minmay_door_square,
          dk_yredelemnul_ordeal
Ossuary:  ossuary_tomb_3

Skill      XL: |  1  2  3  4  5  6  7 |
---------------+----------------------+-----
Stealth        | 3 4 |  4.0
Spellcasting   | 3 |  3.0
Summonings     | 5 6 |  6.6
Fighting       | 2 3 |  3.0
Invocations    | 2 4 |  4.0
Dodging        | 4 |  4.5

Action                   |  1- 3 |  4- 6 |  7- 9 || total
-------------------------+-------+-------+-------++-------
Melee: Unarmed           |    23 |       |       ||    23
       Dagger            |   213 |    40 |       ||   253
       Short sword       |       |   139 |   151 ||   290
 Cast: Summon Small Mamm |     3 |       |     2 ||     5
       Call Imp          |     2 |     3 |     9 ||    14
       Call Canine Famil |       |     1 |     5 ||     6
       Summon Guardian G |       |       |     4 ||     4
Invok: Channel Magic     |       |       |     1 ||     1
 Stab: Sleeping          |     7 |    23 |     3 ||    33
       Distracted        |       |     1 |     2 ||     3
Armor: Robe              |    51 |    23 |    21 ||    95
Dodge: Dodged            |   191 |   101 |    85 ||   377
